 Dungeon Crawl Stone Soup version 0.32-a0-540-g866d13106e (webtiles) character file.

Game seed: 11058757304442576831

59 juan097 the Ducker (level 3, -7/30 HPs)
             Began as a Felid Berserker on Feb 28, 2024.
             Was a Follower of Trog.
             Mangled by a gnoll
             ... wielding a +4 spear
              (10 damage)
             ... on level 2 of the Dungeon.
             The game lasted 00:03:44 (1119 turns).

juan097 the Ducker (Felid Berserker)                Turns: 1119, Time: 00:03:45

Health: -7/30      AC:  1    Str: 13    XL:     3   Next: 78%
Magic:  4/4        EV: 19    Int: 10    God:    Trog [*.....]
Gold:   49         SH:  0    Dex: 17    Spells: 2/2 levels left
                                        Lives:  0   Deaths: 1

rFire   . .          .
                       - Unarmed
rCold   . . .        (shield unavailable)
rNeg    . . .        (body armour unavailable)
rPois   .            (helmet unavailable)
rElec   .            (cloak unavailable)
rCorr   .            (gloves unavailable)
SInv    +            (boots unavailable)
Will    ++...        (no amulet) Stlth
                     (no ring)
HPRegen 1.25/turn    (no ring)
MPRegen 0.09/turn

%: no passive effects
@: berserking, strong-willed, regenerating, very quick
A: very small, claws 1, fangs 3, see invisible, shaggy fur 1, stealthy paws, no
weapons or thrown items, no armour, multi-lived
a: Renounce Religion, Berserk


You were on level 2 of the Dungeon.
You worshipped Trog.
Trog was aware of your devotion.
You visited 1 branch of the dungeon, and saw 2 of its levels.

You collected 49 gold pieces.

Inventory:

Scrolls
 a - a scroll of enchant armour {unknown}
 c - a scroll of poison {unknown}
 d - a scroll of silence {unknown}
 e - a scroll of identify {unknown}
 g - a scroll of noise {unknown}
Potions
 b - a potion of might {unknown}
 f - a potion of curing {unknown}
 h - a potion of mutation {unknown}


   Skills:
 + Level 3.3 Fighting
 + Level 4.5 Dodging
 + Level 2.0 Stealth
 * Level 3.8 Unarmed Combat


You had 2 spell levels left.
You didn't know any spells.
Your spell library contained the following spells:

 Spells                   Type           Power      Damage    Failure   Level
 Magic Dart               Conj           0%         1d3       36%         1
 Blink                    Tloc           0%         N/A       50%         2
 Call Imp                 Summ           0%         N/A       50%         2


Dungeon Overview and Level Annotations

Branches:
Dungeon (2/15)

Altars:


Innate Abilities, Weirdness & Mutations

You have sharp claws.
You have razor-sharp teeth.
You have supernaturally acute eyesight. (SInv)
You are covered in fur. (AC +1)
Your paws help you pounce on unaware monsters.
You are incapable of wielding weapons or throwing items.
You cannot wear armour.
You gain extra lives every three experience levels.


Message History

You scratch the ball python.
You kill the ball python!
Trog accepts your kill.
Your Stealth skill increases to level 2!
No target in view!
No target in view!
You see here a ball python corpse. 2 gnolls come into view.
The gnoll shouts!
You hear a shout!
A gnoll comes into view. It is wielding a +0 whip.
There are monsters nearby!
You closely miss the gnoll. You bite the gnoll.
The gnoll is moderately wounded.
The gnoll closely misses you.
You barely miss the gnoll.
The gnoll is moderately wounded.
You scratch the gnoll.
The gnoll is heavily wounded.
The gnoll hits you from afar with a +4 spear!
Ouch! That really hurt!
The gnoll misses you. The gnoll attacks as it pursues you!
The gnoll closely misses you. The gnoll attacks as it pursues you!
The gnoll closely misses you.
Your skin crawls.
You feel strong-willed. The gnoll hits you with a +0 club.
* * * LOW HITPOINT WARNING * * *
A red film seems to cover your vision as you go berserk!
You feel yourself moving faster!
You feel mighty!
You can no longer call upon Trog for regeneration and willpower.
The gnoll hits you from afar with a +4 spear.
* * * LOW HITPOINT WARNING * * *
The gnoll closely misses you.
You scratch the gnoll but do no damage.
The gnoll is heavily wounded.
The gnoll barely misses you. The gnoll completely misses you.
You barely miss the gnoll.
The gnoll is heavily wounded.
The gnoll hits you from afar with a +4 spear!
You die...

#≈≈≈#≈~.
≈≈≈≈≈~# #≈≈#≈#
≈≈≈≈≈ # #+####
#≈≈# ... #....
# #~##..S.#
#..# #.#
........#
#####..###...
#########
#..........#
#@#.....####.#
#g##.........#
#g###.########
#.g..g# #†#
####### #.#
#.# #.# #.#
#.#


You could see 3 gnolls.

Vanquished Creatures
  2 adders (D:2)
  2 dart slugs
  6 bats
  4 endoplasms
  2 giant cockroaches
  2 goblins (D:1)
  3 hobgoblins
  7 ball pythons
  A frilled lizard (D:2)
  4 kobolds
  3 rats
36 creatures vanquished.

Notes
Turn   | Place    | Note
-------+----------+-------------------------------------------
     0 | D:1      | juan097 the Felid Berserker began the quest for the Orb.
     0 | D:1      | Reached XP level 1. HP: 12/12 MP: 2/2
    62 | D:1      | You fall into a shaft and drop 1 floor!
   140 | D:1      | Slain by a ball python
   140 | D:1      | Lost a life (0 lives remaining)
   180 | D:1      | Reached XP level 2. HP: 16/16 MP: 3/3
   184 | D:1      | Reached skill level 1 in Stealth
   449 | D:2      | Reached XP level 3. HP: 20/20 MP: 4/4
   992 | D:2      | Reached ** piety under Trog
  1119 | D:2      | Mangled by a gnoll

Illustrated notes

Levels and vault maps discovered:
D:1:      mrwooster_arrival_statue_3, layout_basic
D:2:      layout_loops_corners, minivault_4

Skill      XL: |  1  2  3 |
---------------+----------+-----
Stealth        | 1 2 |  2.0
Fighting       | |  3.3
Dodging        | |  4.5
Unarmed Combat | |  3.8

Action                     || total
---------------------------++-------
  Melee: Unarmed           ||    86
         Bite              ||    10
         Punch             ||     2
 Invoke: Berserk           ||     2
         Trog's Hand       ||     1
   Stab: Sleeping          ||     2
 Armour: Skin              ||    52
  Dodge: Dodged            ||   106

Table legend: (Time is in decaauts)
 A = Elapsed time spent in this place.
 B = Non-inter-level travel time spent in this place.
 C = Inter-level travel time spent in this place.
 D = Time resting spent in this place.
 E = Time spent auto-exploring this place.
 F = Levels seen in this place.
 G = Mean time per level.
                   A        B        C        D        E       F      G
               +--------+--------+--------+--------+--------+-----+--------+
         Total |   1114 |   1108 |      6 |     42 |    734 |   2 |  557.0 |
       Dungeon |   1114 |   1108 |      6 |     42 |    734 |   2 |  557.0 |
               +--------+--------+--------+--------+--------+-----+--------+

Top non-repeatable levels by time:
     D:2: 601 daAuts
     D:1: 513 daAuts
